[Event "Titled Tuesday Blitz June 13 Late 2023"]
[White "Almedina Ortiz, Edgardo J."]
[Black "Przybylski, Wojciech"]
[WhiteFideId "3100197"]
[BlackFideId "1117599"]
[WhiteElo "2217"]
[BlackElo "2228"]
[Result "0-1"]
[Round "5"]
[TimeControl "180+2"]
[Date "2023.06.13"]
[WhiteClock "0:00:05"]
[BlackClock "0:00:39"]
[Board "128"]

1. d4 Nf6 2. c4 e6 3. Nc3 Bb4 4. Qc2 d5 5. a3 Bxc3+ 6. Qxc3 c5 7. cxd5 cxd4 8. Qxd4 Qxd5 9. Qxd5 Nxd5 10. Nf3 Nc6 11. g3 e5 12. Bg2 Nb6 13. O-O f6 14. b4 Be6 15. b5 Na5 16. Rb1 O-O-O 17. Bd2 Nac4 18. Rfc1 Kb8 19. Bb4 Rc8 20. Ne1 Nd5 21. Nd3 Nxb4 22. Nxb4 Nxa3 23. Ra1 Nxb5 24. Rcb1 Bc4 25. h4 Rhd8 26. Bf3 f5 27. Nd3 e4 0-1


[Site "https://www.chess.com"]

[Event "Titled Tuesday Blitz June 13 Late 2023"]
[White "Torres Dominguez, David"]
[Black "liwadas82"]
[WhiteFideId "2220857"]
[WhiteElo "1999"]
[BlackElo "2448"]
[Result "1-0"]
[Round "5"]
[TimeControl "180+2"]
[Date "2023.06.13"]
[WhiteClock "0:01:35"]
[BlackClock "0:00:00"]
[Board "129"]

1. e4 e5 2. Bc4 Nf6 3. Nc3 Nc6 4. d3 Na5 5. Bb3 Nxb3 6. axb3 d6 7. Nge2 c6 8. O-O g6 9. f4 exf4 10. Bxf4 Bg7 11. Qd2 h5 12. Rae1 O-O 13. Bg5 Qb6+ 14. d4 Nh7 15. Be7 Re8 16. Bxd6 Bg4 17. e5 Rad8 18. Qf4 Be6 19. Ne4 Bd5 20. Nc5 Nf8 21. Nc3 Ne6 22. Qxf7+ Kh7 23. Nxd5 cxd5 24. Nxe6 Rxe6 25. Qxe6 Qxd4+ 26. Kh1 Qxb2 27. Qe7 Rg8 28. Re2 Qc3 29. Ref2 Qd4 30. Rf7 Qe4 31. h3 h4 32. R7f4 Qe2 33. Rxh4+ 1-0


[Site "https://www.chess.com"]

[Event "Titled Tuesday Blitz June 13 Late 2023"]
[White "Zherebtsova, Alexandra"]
[Black "Lin, Dachey"]
[WhiteFideId "24129518"]
[BlackFideId "2029650"]
[WhiteElo "2055"]
[BlackElo "2313"]
[Result "0-1"]
[Round "5"]
[TimeControl "180+2"]
[Date "2023.06.13"]
[WhiteClock "0:00:16"]
[BlackClock "0:01:36"]
[Board "130"]

1. d4 g6 2. e4 Bg7 3. c4 c5 4. d5 d6 5. Nf3 e6 6. Bd3 Nf6 7. Nc3 O-O 8. h3 exd5 9. exd5 Na6 10. O-O Nc7 11. a4 Rb8 12. Bf4 a6 13. a5 b5 14. axb6 Rxb6 15. Qd2 Nd7 16. Na4 Rb8 17. Bxd6 Re8 18. Bf4 Rb4 19. Nc3 Nb6 20. Ne4 Nxc4 21. Bxc4 Rxe4 22. Bxc7 Qxc7 23. d6 Qd7 24. Bxa6 Rxb2 25. Bxc8 Qxc8 26. d7 Qd8 27. Ra8 Qxa8 28. d8=Q+ Re8 29. Qxa8 Rxa8 30. Qd5 Rc8 31. Ng5 Rf8 32. Qxc5 h6 33. Ne4 Re8 34. Qc6 Re6 35. Qc8+ Bf8 36. Ng3 h5 37. Rd1 h4 38. Rd8 hxg3 39. Rxf8+ Kg7 40. Rg8+ Kh7 41. Rh8+ Kg7 42. Qc3+ f6 43. Qxb2 Re1# 0-1


[Site "https://www.chess.com"]

[Event "Titled Tuesday Blitz June 13 Late 2023"]
[White "Garrido, Denis"]
[Black "Renjith, Sravan"]
[WhiteFideId "601217"]
[BlackFideId "4306783"]
[WhiteElo "2350"]
[BlackElo "2104"]
[Result "0-1"]
[Round "5"]
[TimeControl "180+2"]
[Date "2023.06.13"]
[WhiteClock "0:01:13"]
[BlackClock "0:00:49"]
[Board "131"]

1. e4 e5 2. Nf3 d6 3. d4 exd4 4. Nxd4 Nf6 5. Nc3 Be7 6. g3 O-O 7. Bg2 Re8 8. O-O Bf8 9. b3 Nbd7 10. Bb2 Nc5 11. Re1 c6 12. h3 a5 13. a4 Qc7 14. Qd2 Bd7 15. Rad1 Rad8 16. f4 d5 17. e5 Nfe4 18. Nxe4 Nxe4 19. Bxe4 dxe4 20. Qe3 Bxh3 21. Qxe4 Bc5 22. Kh2 Bg4 23. Rd2 Qc8 24. e6 Qxe6 25. Nxe6 Rxd2+ 26. Kh1 Rxe6 27. Be5 Rh6# 0-1


[Site "https://www.chess.com"]

[Event "Titled Tuesday Blitz June 13 Late 2023"]
[White "Zhou, Qiyu"]
[Black "MaryanKyrychenko"]
[WhiteFideId "505161"]
[WhiteElo "2101"]
[BlackElo "2563"]
[Result "0-1"]
[Round "5"]
[TimeControl "180+2"]
[Date "2023.06.13"]
[WhiteClock "0:00:00"]
[BlackClock "0:00:09"]
[Board "132"]

1. e4 c5 2. Nf3 d6 3. d4 cxd4 4. Nxd4 Nf6 5. Nc3 g6 6. Be3 Bg7 7. f3 O-O 8. Qd2 Nc6 9. O-O-O d5 10. Qe1 e5 11. Nxc6 bxc6 12. exd5 Nxd5 13. Bc4 Be6 14. Ne4 Re8 15. Bc5 Qc7 16. Kb1 Rad8 17. Bb3 h6 18. g4 Nf4 19. Qf2 Bxb3 20. axb3 Ne6 21. Bd6 Qa5 22. h4 Nd4 23. Ba3 Rd5 24. h5 g5 25. Nc3 Rd7 26. Rd3 Rb7 27. Rhd1 Ne6 28. Rd7 Rxd7 29. Rxd7 c5 30. Qd2 Nd4 31. Qd3 Rb8 32. Qc4 Ne6 33. Ne4 Bf8 34. Nf6+ Kh8 35. Qe4 Kg7 36. Nd5 Qb5 37. Qf5 Qxd7 38. Qf6+ Kg8 39. Qf5 Bg7 40. Bxc5 Nxc5 0-1


[Site "https://www.chess.com"]

[Event "Titled Tuesday Blitz June 13 Late 2023"]
[White "Makaraci, Tunahan"]
[Black "Arun, Siddharth"]
[WhiteFideId "6356559"]
[BlackFideId "2079178"]
[WhiteElo "2160"]
[BlackElo "2343"]
[Result "1-0"]
[Round "5"]
[TimeControl "180+2"]
[Date "2023.06.13"]
[WhiteClock "0:02:04"]
[BlackClock "0:00:41"]
[Board "133"]

1. e4 c6 2. d4 d5 3. exd5 cxd5 4. c4 Nf6 5. Nc3 g6 6. Nf3 Bg7 7. cxd5 Nxd5 8. Bc4 Nb6 9. Bb3 O-O 10. O-O Nc6 11. d5 Na5 12. Re1 Nxb3 13. axb3 Bg4 14. h3 Bf5 15. Bg5 Re8 16. g4 Bd7 17. Rxe7 Rxe7 18. d6 f6 19. dxe7 Qxe7 20. Be3 Rd8 21. Qc2 Bc6 22. Nd4 Nd5 23. Nxc6 bxc6 24. Nxd5 cxd5 25. Rxa7 Rd7 26. Qc8+ Rd8 27. Qc6 Qd6 28. Qb7 1-0


[Site "https://www.chess.com"]

[Event "Titled Tuesday Blitz June 13 Late 2023"]
[White "WindWhistler11"]
[Black "Gerbelli Neto, Eduardo"]
[BlackFideId "2103281"]
[WhiteElo "2556"]
[BlackElo "2178"]
[Result "1-0"]
[Round "5"]
[TimeControl "180+2"]
[Date "2023.06.13"]
[WhiteClock "0:00:08"]
[BlackClock "0:00:10"]
[Board "134"]

1. Nf3 Nf6 2. g3 c5 3. c4 Nc6 4. Bg2 d5 5. O-O e5 6. cxd5 Nxd5 7. Nc3 Nc7 8. b3 Be7 9. Bb2 O-O 10. Rc1 f6 11. Na4 b6 12. Nh4 Bd7 13. e3 Rc8 14. Qc2 Nb4 15. Qb1 Bxa4 16. bxa4 Qd3 17. Nf5 Rfe8 18. a3 Qxb1 19. Rxb1 Nd3 20. Bc6 Bf8 21. Bxe8 Rxe8 22. Bc3 g6 23. Nh4 Nd5 24. a5 c4 25. axb6 axb6 26. Rb5 Nxc3 27. dxc3 Bc5 28. Nf3 Ra8 29. Ra1 Kf7 30. a4 Ra5 31. Nd2 Rxb5 32. axb5 Nb2 33. Ra2 Nd1 34. Rc2 Ke6 35. Nxc4 Kd5 36. Nd2 Ba3 37. Kf1 Nb2 38. c4+ Kc5 39. Ke2 Na4 40. Ne4+ Kb4 41. Nxf6 Nc3+ 42. Kd3 Nd1 43. Nd5+ Kc5 44. Kd2 Nb2 45. Kc3 Na4+ 46. Kb3 Bb4 47. Nxb4 g5 48. Nd3+ Kd6 49. Kxa4 e4 50. c5+ bxc5 51. Nxc5 Kc7 52. Nxe4+ Kb6 53. Kb4 h6 54. Rc6+ 1-0


[Site "https://www.chess.com"]

[Event "Titled Tuesday Blitz June 13 Late 2023"]
[White "Golubev, Mikhail"]
[Black "Sairam, Pranav"]
[WhiteFideId "14100983"]
[BlackFideId "30951330"]
[WhiteElo "2374"]
[BlackElo "1918"]
[Result "1-0"]
[Round "5"]
[TimeControl "180+2"]
[Date "2023.06.13"]
[WhiteClock "0:00:26"]
[BlackClock "0:00:00"]
[Board "135"]

1. e4 e5 2. Nf3 Nf6 3. Nc3 Nc6 4. g3 Be7 5. Bg2 O-O 6. O-O d6 7. h3 h6 8. d4 exd4 9. Nxd4 Nxd4 10. Qxd4 Nd7 11. Nd5 Bf6 12. Nxf6+ Qxf6 13. Qxf6 Nxf6 14. Re1 Re8 15. Bd2 Bd7 16. Bc3 Re6 17. e5 dxe5 18. Bxb7 Rb8 19. Bg2 e4 20. Rad1 Bc6 21. Bd4 a5 22. b3 Nd7 23. a4 Rbe8 24. Re3 f5 25. Rc3 Rd6 26. Rd2 Ne5 27. Be3 Rxd2 28. Bxd2 Rd8 29. Bf4 Rd1+ 30. Kh2 e3 31. Rxe3 Bxg2 32. Kxg2 1-0


[Site "https://www.chess.com"]

[Event "Titled Tuesday Blitz June 13 Late 2023"]
[White "Srdanovic, Jovana"]
[Black "Francisco_Ferrari"]
[WhiteFideId "954810"]
[WhiteElo "2155"]
[BlackElo "2341"]
[Result "1-0"]
[Round "5"]
[TimeControl "180+2"]
[Date "2023.06.13"]
[WhiteClock "0:01:22"]
[BlackClock "0:00:13"]
[Board "136"]

1. d4 Nf6 2. c4 e6 3. Nf3 d5 4. Nc3 Be7 5. Bg5 O-O 6. e3 h6 7. Bh4 b6 8. Rc1 Bb7 9. Bxf6 Bxf6 10. cxd5 exd5 11. b4 Nd7 12. Qb3 Nb8 13. Bd3 Re8 14. O-O g6 15. Rfe1 Bg7 16. h3 a6 17. a4 c6 18. Red1 Nd7 19. Bf1 Nf6 20. b5 cxb5 21. axb5 a5 22. Na4 Ne4 23. Rc2 Qd6 24. Rdc1 Rec8 25. Bd3 h5 26. Bxe4 dxe4 27. Ng5 Bd5 28. Rxc8+ 1-0


[Site "https://www.chess.com"]

[Event "Titled Tuesday Blitz June 13 Late 2023"]
[White "Toniutti, Ezio"]
[Black "Korpics, Zsolt"]
[WhiteFideId "113034"]
[BlackFideId "705241"]
[WhiteElo "2215"]
[BlackElo "2325"]
[Result "0-1"]
[Round "5"]
[TimeControl "180+2"]
[Date "2023.06.13"]
[WhiteClock "0:00:00"]
[BlackClock "0:00:19"]
[Board "138"]

1. d4 Nf6 2. c4 e6 3. g3 d5 4. Nf3 Bb4+ 5. Bd2 Be7 6. Bg2 O-O 7. O-O c6 8. Qb3 Nbd7 9. Bb4 b6 10. Nbd2 c5 11. Bc3 Bb7 12. Rfd1 Qc7 13. Rac1 Rac8 14. cxd5 Bxd5 15. Qa4 Qb7 16. dxc5 Nxc5 17. Qh4 Nfe4 18. Qg4 Nxc3 19. Rxc3 f5 20. Qh5 Bf6 21. Rc2 g6 22. Qh6 e5 23. Rdc1 Bg7 24. Qh4 Bf6 25. Qh3 Ne4 26. Nc4 Bxc4 27. Rxc4 Rxc4 28. Rxc4 Rc8 29. Rxc8+ Qxc8 30. Qh6 Qc5 31. e3 Qc1+ 32. Bf1 Qc2 33. Bg2 Qxf2+ 34. Kh1 Qxe3 35. h4 Qxh6 0-1


[Site "https://www.chess.com"]

[Event "Titled Tuesday Blitz June 13 Late 2023"]
[White "Ardila, Oscar Humberto"]
[Black "Jakic, Ivan"]
[WhiteFideId "4404742"]
[BlackFideId "14504901"]
[WhiteElo "1912"]
[BlackElo "2365"]
[Result "1/2-1/2"]
[Round "5"]
[TimeControl "180+2"]
[Date "2023.06.13"]
[WhiteClock "0:00:14"]
[BlackClock "0:00:06"]
[Board "139"]

1. d4 Nf6 2. c4 Nc6 3. Nf3 e6 4. Nc3 Bb4 5. Bd2 d6 6. e3 O-O 7. a3 Bxc3 8. Bxc3 Qe7 9. Be2 e5 10. d5 Nb8 11. O-O a5 12. b4 axb4 13. axb4 Rxa1 14. Qxa1 b5 15. Qa7 Bg4 16. h3 Bxf3 17. Bxf3 bxc4 18. e4 Qd7 19. Ra1 Rc8 20. Qb7 c6 21. dxc6 Qxc6 22. Qxc6 Nxc6 23. b5 Nd4 24. b6 Kf8 25. b7 Rb8 26. Ra8 Nxf3+ 27. gxf3 Nd7 28. Bb4 Ke7 29. Ra6 Rxb7 30. Bxd6+ Kf6 31. Bc5+ Kg5 32. Be3+ Kh5 33. Rc6 Nf6 34. Rxc4 Re7 35. Kg2 Kg6 36. Rc6 h6 37. Bc5 Re6 38. Rc7 Nh5 39. Be3 f6 40. Rd7 Rc6 41. Ra7 Rc2 42. Rb7 Kh7 43. Ra7 Kg8 44. Rb7 g5 45. Re7 Ng7 46. Bb6 Nh5 47. Be3 Rc6 48. Ra7 Ng7 49. Re7 Re6 50. Ra7 Kh7 51. Bc5 Kg6 52. Be3 Nh5 53. Rb7 f5 54. Rb8 Rf6 55. Rg8+ Ng7 56. exf5+ Rxf5 57. Bc5 Kf7 58. Rh8 Ne6 59. Be3 Kg7 60. Re8 Rf6 61. Re7+ Kg6 62. Re8 Nf4+ 63. Bxf4 exf4 64. Re7 Rd6 65. Re8 Rf6 66. Re7 Kf5 67. Re8 h5 68. Rb8 Re6 69. Rf8+ Rf6 70. Rh8 Kg6 71. Rg8+ Kh6 72. Rh8+ Kg6 73. Rg8+ Kf5 74. Rh8 Kg6 1/2-1/2


[Site "https://www.chess.com"]

[Event "Titled Tuesday Blitz June 13 Late 2023"]
[White "Zhukov, Maksim"]
[Black "Rottenwohrer Suarez, Juan"]
[WhiteFideId "34181790"]
[BlackFideId "32068182"]
[WhiteElo "1925"]
[BlackElo "2174"]
[Result "0-1"]
[Round "5"]
[TimeControl "180+2"]
[Date "2023.06.13"]
[WhiteClock "0:00:03"]
[BlackClock "0:00:07"]
[Board "140"]

1. e4 c5 2. Nf3 g6 3. d4 cxd4 4. Nxd4 Nc6 5. c4 Nf6 6. Nc3 d6 7. Be3 Ng4 8. Nxc6 bxc6 9. Bd4 e5 10. Be3 Nxe3 11. fxe3 Rb8 12. Qd2 Qb6 13. b3 Bh6 14. Qxd6 Be6 15. c5 Qb4 16. Qxe5 O-O 17. Qd4 Qa5 18. Rc1 Rfd8 19. Qa4 Qxc5 20. Be2 Qxe3 21. Rc2 Rd2 22. b4 Rbd8 23. Rf1 Rxc2 24. Qxc2 Rd2 25. Qb3 Bxb3 26. axb3 Qxc3 27. Rf3 Rxe2+ 28. Kxe2 Qd2+ 29. Kf1 Be3 30. h4 Qd1# 0-1


[Site "https://www.chess.com"]

[Event "Titled Tuesday Blitz June 13 Late 2023"]
[White "Kostiukov, Alexandr"]
[Black "Yurasova, Daria"]
[WhiteFideId "14108100"]
[BlackFideId "34146919"]
[WhiteElo "2202"]
[BlackElo "2109"]
[Result "0-1"]
[Round "5"]
[TimeControl "180+2"]
[Date "2023.06.13"]
[WhiteClock "0:00:00"]
[BlackClock "0:00:16"]
[Board "141"]

1. g3 d5 2. Bg2 c6 3. d3 Nf6 4. e4 dxe4 5. dxe4 Qxd1+ 6. Kxd1 g6 7. f3 Bg7 8. c3 O-O 9. Be3 b6 10. Nd2 Bb7 11. Nh3 c5 12. Nf2 Nc6 13. Kc2 Rfd8 14. Rhd1 Ne8 15. Nc4 Nc7 16. a4 Ba6 17. Bf1 Bb7 18. Rxd8+ Rxd8 19. a5 b5 20. Na3 c4 21. Bc5 Bf8 22. Nb1 e6 23. Bxf8 Kxf8 24. Nd2 a6 25. b3 cxb3+ 26. Nxb3 Ne5 27. f4 Nd7 28. Rd1 Ke8 29. Be2 Nf6 30. Rxd8+ Kxd8 31. Nc5 Bc6 32. Bd3 Nd7 33. Nxd7 Kxd7 34. Kd2 Ne8 35. Ke3 Nd6 36. Ng4 Ke7 37. Ne5 Be8 38. c4 f6 39. Nf3 bxc4 40. Be2 Bb5 41. Kd4 c3 42. Bd1 Be2 0-1


[Site "https://www.chess.com"]

[Event "Titled Tuesday Blitz June 13 Late 2023"]
[White "Balla, Tamas-Kristof"]
[Black "Rodriguez Santiago, Jaime"]
[WhiteFideId "1208497"]
[BlackFideId "3100898"]
[WhiteElo "2334"]
[BlackElo "2025"]
[Result "1-0"]
[Round "5"]
[TimeControl "180+2"]
[Date "2023.06.13"]
[WhiteClock "0:00:41"]
[BlackClock "0:00:12"]
[Board "142"]

1. e4 c6 2. d4 d5 3. exd5 cxd5 4. c4 e6 5. Nc3 Nf6 6. Nf3 Be7 7. Bd3 dxc4 8. Bxc4 O-O 9. O-O Nbd7 10. Bg5 h6 11. Bh4 Nb6 12. Bd3 Nfd5 13. Bxe7 Qxe7 14. Qd2 Nxc3 15. bxc3 Rd8 16. Rad1 Nd7 17. Rfe1 Qf6 18. Bb1 b6 19. Qd3 Nf8 20. Ne5 Bb7 21. Re3 Rac8 22. Rg3 Rd5 23. Ng4 Qg5 24. Ne3 Qh5 25. Nxd5 Bxd5 26. Re1 Bc4 27. Qe4 Bd5 28. Qf4 a5 29. Qf6 g6 30. Bd3 Rxc3 31. Bxg6 fxg6 32. Rxc3 Qg4 33. Rg3 Qh5 34. h3 b5 35. Rc1 b4 36. Rc8 1-0


[Site "https://www.chess.com"]

[Event "Titled Tuesday Blitz June 13 Late 2023"]
[White "Sarkar, Justin"]
[Black "Jonkman, Harmen"]
[WhiteFideId "2010011"]
[BlackFideId "1002708"]
[WhiteElo "2151"]
[BlackElo "2368"]
[Result "0-1"]
[Round "5"]
[TimeControl "180+2"]
[Date "2023.06.13"]
[WhiteClock "0:00:00"]
[BlackClock "0:00:03"]
[Board "143"]

1. d4 d5 2. c4 e6 3. Nc3 dxc4 4. e3 Nf6 5. Bxc4 a6 6. a4 c5 7. Nf3 Nc6 8. O-O Qc7 9. Qe2 Bd6 10. d5 exd5 11. Nxd5 Nxd5 12. Bxd5 Bg4 13. Qc4 Bxf3 14. Bxf3 Bxh2+ 15. Kh1 Bd6 16. Qe4+ Qe7 17. Qxe7+ Kxe7 18. Bd2 Rab8 19. Bc3 Be5 20. Bxc6 Bxc3 21. Be4 Bd2 22. Rfd1 Rhd8 23. Kg1 b6 24. Kf1 c4 25. Ke2 Bb4 26. Rxd8 Rxd8 27. Rd1 Bd6 28. Rd5 Rc8 29. Bc2 h6 30. e4 f6 31. g3 Be5 32. b3 cxb3 33. Bxb3 Rc3 34. Rd3 Rc1 35. Rd1 Rc3 36. Rd3 Rc1 37. Rd1 Rc5 38. Rd5 Rc6 39. Rd3 Bb2 40. f4 Ba3 41. Rd2 Bb4 42. Rd3 Bc3 43. Bd5 Rc5 44. Bb7 b5 0-1


[Site "https://www.chess.com"]

[Event "Titled Tuesday Blitz June 13 Late 2023"]
[White "Kovalevsky, Stanislav"]
[Black "Vila Dupla, Aurelio"]
[WhiteFideId "13508598"]
[BlackFideId "2203383"]
[WhiteElo "2112"]
[BlackElo "2009"]
[Result "0-1"]
[Round "5"]
[TimeControl "180+2"]
[Date "2023.06.13"]
[WhiteClock "0:00:04"]
[BlackClock "0:00:27"]
[Board "144"]

1. c4 Nf6 2. Nc3 d5 3. cxd5 Nxd5 4. e4 Nxc3 5. bxc3 c5 6. Nf3 g6 7. d4 Bg7 8. Be3 Qa5 9. Qd2 O-O 10. Bc4 Nc6 11. Rd1 Rd8 12. O-O Bg4 13. d5 Ne5 14. Be2 Nxf3+ 15. gxf3 Bh3 16. c4 Qxd2 17. Rxd2 Bxf1 18. Bxf1 b6 19. f4 Bh6 20. e5 f6 21. Bh3 fxe5 22. fxe5 Bxe3 23. fxe3 a6 24. e4 b5 25. d6 Kf7 26. Rf2+ Kg7 27. d7 b4 28. e6 Rf8 29. Rd2 a5 30. Rd5 a4 31. Rxc5 b3 32. axb3 a3 33. Rc8 a2 34. Re8 a1=Q+ 35. Kg2 Qb2+ 36. Kg3 Qxb3+ 37. Kh4 Raxe8 0-1


[Site "https://www.chess.com"]

[Event "Titled Tuesday Blitz June 13 Late 2023"]
[White "Garmendiarov"]
[Black "Krasteva, Beloslava"]
[BlackFideId "2922029"]
[WhiteElo "2417"]
[BlackElo "2187"]
[Result "0-1"]
[Round "5"]
[TimeControl "180+2"]
[Date "2023.06.13"]
[WhiteClock "0:00:02"]
[BlackClock "0:00:04"]
[Board "145"]

1. d4 d5 2. Bf4 Nf6 3. e3 c5 4. c3 Nc6 5. Nd2 e6 6. Ngf3 Nh5 7. Bg5 f6 8. Bh4 g6 9. Bd3 cxd4 10. exd4 Bd6 11. O-O Nf4 12. Bc2 O-O 13. Bg3 g5 14. Re1 Qc7 15. Bxf4 Bxf4 16. g3 Bd6 17. Rc1 Qg7 18. c4 Bd7 19. cxd5 exd5 20. Bb3 Ne7 21. Ne4 Bb4 22. Nc3 Kh8 23. a3 Bd6 24. Nxd5 Nxd5 25. Bxd5 Bg4 26. Qd3 Rad8 27. Bxb7 Qxb7 28. Nd2 Bh3 29. f3 Be5 30. Nb3 Rd5 31. Kh1 Rfd8 32. Qc3 Bxd4 33. Nxd4 Rxd4 34. Rc2 Bf5 35. Rce2 R8d6 36. Re7 Qd5 37. Re8+ Kg7 38. R1e7+ Kg6 39. Rg8+ Kh6 40. Re3 Rd1+ 41. Kg2 Qd2+ 42. Qxd2 R6xd2+ 43. Re2 Rxe2# 0-1


[Site "https://www.chess.com"]

[Event "Titled Tuesday Blitz June 13 Late 2023"]
[White "SicilianPanzer"]
[Black "KorolDimitriy75"]
[WhiteElo "2242"]
[BlackElo "2417"]
[Result "1/2-1/2"]
[Round "5"]
[TimeControl "180+2"]
[Date "2023.06.13"]
[WhiteClock "0:00:04"]
[BlackClock "0:00:32"]
[Board "146"]

1. e4 c5 2. Nf3 d6 3. c3 Nf6 4. h3 g6 5. Bd3 Bg7 6. Bc2 e5 7. d4 exd4 8. cxd4 cxd4 9. Nxd4 O-O 10. O-O Nc6 11. Nc3 Nxd4 12. Qxd4 Be6 13. Bg5 h6 14. Bh4 g5 15. Bg3 Nd5 16. Qd3 Nxc3 17. e5 Ne2+ 18. Qxe2 dxe5 19. Bxe5 Re8 20. Rad1 Qa5 21. Bxg7 Kxg7 22. Qd3 Rh8 23. a3 Rad8 24. Qf3 Qb6 25. b4 Rxd1 26. Rxd1 Rd8 27. Qc3+ Kg8 28. Qf6 Rxd1+ 29. Bxd1 Qd6 30. Bg4 Qd5 31. Qxh6 Bxg4 32. hxg4 Qd1+ 33. Kh2 Qxg4 34. Qf6 Qh4+ 35. Kg1 Qg4 36. Qd8+ Kg7 37. Qb8 Qd1+ 38. Kh2 Qh5+ 39. Kg1 Qd1+ 40. Kh2 Qd5 41. Qxa7 Qe5+ 42. Kg1 Qe1+ 43. Kh2 Qe5+ 44. Kg1 Qe1+ 45. Kh2 Qe5+ 1/2-1/2


[Site "https://www.chess.com"]

[Event "Titled Tuesday Blitz June 13 Late 2023"]
[White "Fernandez, Maria Florencia"]
[Black "Martinez, Ayelen"]
[WhiteFideId "116459"]
[BlackFideId "118702"]
[WhiteElo "2074"]
[BlackElo "2074"]
[Result "0-1"]
[Round "5"]
[TimeControl "180+2"]
[Date "2023.06.13"]
[WhiteClock "0:00:00"]
[BlackClock "0:00:38"]
[Board "147"]

1. d4 Nf6 2. c4 g6 3. Nc3 Bg7 4. e4 O-O 5. Be2 c5 6. d5 d6 7. Be3 e6 8. Nf3 exd5 9. exd5 Bg4 10. O-O Bxf3 11. Bxf3 Nbd7 12. Qd2 Ne5 13. Be2 Nfg4 14. Bf4 Qh4 15. Bg3 Qh6 16. f4 Nf6 17. h3 Rae8 18. Rad1 Ned7 19. Bf3 Nh5 20. Bxh5 Qxh5 21. f5 Bd4+ 22. Kh2 Ne5 23. Bxe5 Rxe5 24. Qd3 Re3 25. Qd2 Rfe8 26. Kh1 Bxc3 27. bxc3 Re2 28. Qd3 R8e3 0-1


[Site "https://www.chess.com"]

[Event "Titled Tuesday Blitz June 13 Late 2023"]
[White "Kubatko, Ivan"]
[Black "Quirke, Jeffrey"]
[WhiteFideId "24111473"]
[BlackFideId "2013029"]
[WhiteElo "2285"]
[BlackElo "2228"]
[Result "1-0"]
[Round "5"]
[TimeControl "180+2"]
[Date "2023.06.13"]
[WhiteClock "0:00:16"]
[BlackClock "0:00:00"]
[Board "148"]

1. e4 Nf6 2. e5 Nd5 3. d4 d6 4. c4 Nb6 5. exd6 exd6 6. Nc3 Be7 7. Nf3 Nc6 8. Be2 O-O 9. O-O Bf5 10. Be3 Bf6 11. d5 Ne5 12. Nd4 Bg6 13. b3 Re8 14. Qd2 h5 15. h3 Ned7 16. Rae1 a5 17. f4 h4 18. f5 Bh7 19. Bh5 Nc5 20. Kh1 Qd7 21. Bg5 Rxe1 22. Rxe1 Bxg5 23. Qxg5 Re8 24. Rf1 Re5 25. Qxh4 Nd3 26. Qg3 1-0


[Site "https://www.chess.com"]

[Event "Titled Tuesday Blitz June 13 Late 2023"]
[White "Goncalves, Davi Sulzbacher"]
[Black "Chemin, Justo Reinaldo"]
[WhiteFideId "2154510"]
[BlackFideId "2101580"]
[WhiteElo "2182"]
[BlackElo "1940"]
[Result "1-0"]
[Round "5"]
[TimeControl "180+2"]
[Date "2023.06.13"]
[WhiteClock "0:01:04"]
[BlackClock "0:00:00"]
[Board "149"]

1. e4 e6 2. d3 c5 3. f4 b6 4. Nf3 Bb7 5. g4 h5 6. g5 d5 7. Nbd2 Qc7 8. e5 Ne7 9. Nh4 g6 10. Bg2 Bg7 11. O-O Nd7 12. c3 O-O-O 13. a4 a5 14. d4 cxd4 15. cxd4 Kb8 16. Rf3 Rc8 17. Rc3 Qd8 18. Raa3 Nc6 19. Nhf3 Bf8 20. Rab3 Nb4 21. Bf1 Na2 22. Rc2 Rxc2 23. Qxc2 Nb4 24. Qd1 Ka7 25. Nb1 Nb8 26. Na3 N8c6 27. Nb5+ Kb8 28. Bd2 Be7 29. Kg2 h4 30. Kh3 Qd7 31. Rc3 Na2 32. Rc2 Nab4 33. Rc1 Na2 34. Ra1 Nab4 35. Be2 Rc8 36. Qb3 Na7 37. Rc1 Rxc1 38. Bxc1 Nxb5 39. Bxb5 Qc7 40. Qc3 Qxc3 41. bxc3 Nc6 42. Kxh4 Na7 43. Be8 Bc6 44. Bxf7 Bxa4 45. Bxe6 1-0


[Site "https://www.chess.com"]

[Event "Titled Tuesday Blitz June 13 Late 2023"]
[White "Myers, Dominique"]
[Black "Sariego Figueredo, Wilfredo"]
[WhiteFideId "2041715"]
[BlackFideId "3500080"]
[WhiteElo "1951"]
[BlackElo "2309"]
[Result "1-0"]
[Round "5"]
[TimeControl "180+2"]
[Date "2023.06.13"]
[WhiteClock "0:01:03"]
[BlackClock "0:00:03"]
[Board "150"]

1. e4 c5 2. Nf3 a6 3. c4 Nc6 4. d4 cxd4 5. Nxd4 e5 6. Nc2 Bc5 7. Be2 Nf6 8. Nc3 d6 9. O-O O-O 10. a3 h6 11. b4 Ba7 12. Be3 Bxe3 13. Nxe3 Nd4 14. h3 Be6 15. Rc1 Rc8 16. Bd3 Qd7 17. Ncd5 Bxd5 18. exd5 b6 19. Bb1 Rc7 20. f4 a5 21. Qd3 axb4 22. axb4 Rfc8 23. fxe5 dxe5 24. Rxf6 gxf6 25. Qh7+ Kf8 26. Qxh6+ Ke7 27. Rf1 Qd6 28. Ng4 Ne2+ 29. Kf2 Nf4 30. Re1 Rxc4 31. Bf5 Rxb4 32. Bxc8 Rb2+ 33. Kf1 Rxg2 34. Qxf4 Rxg4 35. Bxg4 Qxd5 36. Qb4+ Ke8 37. Qa4+ b5 38. Qa7 Qc4+ 39. Kg2 Qc2+ 40. Re2 Qc6+ 41. Bf3 Qc4 42. Qb8+ Ke7 43. Re4 Qc2+ 44. Kg3 Qc1 45. Qxb5 Qg5+ 46. Bg4 Qd2 47. Qc5+ Ke8 48. Qc8+ Ke7 49. Qc5+ Ke8 50. Be2 Qg5+ 51. Rg4 Qe3+ 52. Qxe3 Ke7 53. Qc5+ Ke6 54. Bc4+ Kf5 55. Qc8# 1-0


[Site "https://www.chess.com"]

[Event "Titled Tuesday Blitz June 13 Late 2023"]
[White "Abduzhaparov"]
[Black "Djordjevic, Dejan N"]
[BlackFideId "913316"]
[WhiteElo "2399"]
[BlackElo "2261"]
[Result "1-0"]
[Round "5"]
[TimeControl "180+2"]
[Date "2023.06.13"]
[WhiteClock "0:01:34"]
[BlackClock "0:00:49"]
[Board "151"]

1. Nf3 Nf6 2. c4 g6 3. Nc3 d6 4. e4 Bg7 5. d4 O-O 6. Be3 Nc6 7. Be2 e5 8. d5 Ne7 9. Nd2 Ne8 10. g4 f5 11. gxf5 gxf5 12. exf5 Nxf5 13. Nde4 Nxe3 14. fxe3 Qh4+ 15. Kd2 Bh6 16. Qg1+ Kh8 17. Qg3 Qe7 18. Rhg1 c5 19. Raf1 Bf5 20. Rxf5 Ng7 21. Rxf8+ Rxf8 22. Qh3 Nf5 23. Bg4 Bxe3+ 24. Kd3 Bxg1 25. Bxf5 Rd8 26. Ng5 Rg8 27. Nxh7 Bf2 28. Nf6+ Kg7 29. Qh7+ Kxf6 30. Ne4# 1-0


[Site "https://www.chess.com"]

[Event "Titled Tuesday Blitz June 13 Late 2023"]
[White "Lopez Perdomo, Juan David"]
[Black "Mazurkiewicz, Michal"]
[WhiteFideId "4405137"]
[BlackFideId "1124943"]
[WhiteElo "1965"]
[BlackElo "2063"]
[Result "1-0"]
[Round "5"]
[TimeControl "180+2"]
[Date "2023.06.13"]
[WhiteClock "0:00:13"]
[BlackClock "0:00:01"]
[Board "152"]

1. d3 Nf6 2. e4 d6 3. f4 g6 4. Nc3 Bg7 5. Bd2 O-O 6. Nf3 c5 7. Be2 Nc6 8. O-O Rb8 9. Rb1 b5 10. Nd5 Nxd5 11. exd5 Nd4 12. c3 Nxe2+ 13. Qxe2 Bb7 14. c4 b4 15. b3 Re8 16. f5 gxf5 17. Ng5 e6 18. Qh5 Qf6 19. Qxh7+ Kf8 20. Qh5 Kg8 21. Qh7+ Kf8 22. dxe6 fxe6 23. Rbe1 Bc8 24. Qh5 Bh6 25. Rxf5 Qxf5 26. Rf1 Qxf1+ 27. Kxf1 Ke7 28. Qxh6 Rf8+ 29. Kg1 Bd7 30. Qg7+ Ke8 31. Nh7 Rf7 32. Qg8+ Ke7 33. Qxb8 Rg7 34. Ng5 Kf6 35. h4 Kg6 36. Qxd6 Be8 37. Qe5 Kh5 38. Nxe6+ Kg6 39. Nxg7 Bf7 40. g4 a5 41. h5+ Kh7 42. Qf5+ Kg8 43. Bf4 a4 44. Be5 a3 45. h6 Be6 46. h7+ Kh8 47. Qf8+ Kxh7 48. Qe7 Kg6 49. Qf6+ Kh7 50. Nxe6 Kg8 51. Qg7# 1-0


[Site "https://www.chess.com"]